 Dungeon Crawl Stone Soup version 0.31.0-11-ge490571c62 (webtiles) character file.

Game seed: 1600453232760083971

824 qw the Skirmisher (level 7, -2/35 HPs)
             Began as a Spriggan Hunter on Feb 4, 2024.
             Slain by a gnoll
             ... wielding a +0 spear
              (3 damage)
             ... on level 5 of the Dungeon.
             The game lasted 00:00:15 (3322 turns).

qw the Skirmisher (Spriggan Hunter)                 Turns: 3322, Time: 00:00:16

Health: -2/35      AC:  2    Str:  7    XL:     7   Next: 64%
Magic:  8/8        EV: 22    Int: 10    God:
Gold:   155        SH:  0    Dex: 21    Spells: 6/6 levels left

rFire   . . .        a - +1 shortbow
rCold   . . .        (shield currently unavailable)
rNeg    + . .        c - +0 robe
rPois   .            (helmet restricted)
rElec   .            (no cloak)
rCorr   .            (gloves unavailable)
SInv    +            (boots unavailable)
Will    +....        (no amulet)
Stlth   ++           b - ring of positive energy
HPRegen 0.25/turn    (no ring)
MPRegen 0.11/turn

%: no passive effects
@: very quick
A: very small, no large weapons, unfitting armour, see invisible, speed 3
a: no special abilities


You were on level 5 of the Dungeon.
You visited 1 branch of the dungeon, and saw 5 of its levels.

You collected 155 gold pieces.


Innate Abilities, Weirdness & Mutations

You are very small and have problems with some larger weapons.
You are too small for most types of armour.
You have supernaturally acute eyesight. (SInv)
You cover ground extremely quickly. (Speed+++)


   Skills:
 - Level 2.0 Fighting
 - Level 8.0 Ranged Weapons
 + Level 7.1 Dodging
 - Level 1.5 Stealth


You had 6 spell levels left.
You didn't know any spells.
Your spell library was empty.

Inventory:

Hand Weapons
 a - a +1 shortbow (weapon)
Armour
 c - a +0 robe (worn)
Jewellery
 b - a ring of positive energy (left hand)
Scrolls
 i - a scroll of enchant armour
Potions
 d - a potion of heal wounds
 e - a potion of resistance {unknown}
 f - a potion of brilliance {unknown}
 g - a potion of might {unknown}
 h - 5 potions of curing

Dungeon Overview and Level Annotations

Branches:
Dungeon (5/15)
 Temple: D:4-7

Altars:
Ashenzari
Gozag
Makhleb
Trog

Shops:
D:4 *


Message History

The orc completely misses you.
The gnoll hits you from afar with a +0 spear!
3315 ||| DRINKING 2 potions of heal wounds.
You feel much better. The orc closely misses you.
An orc comes into view.
It is wielding a +2 flail of protection.
The gnoll closely misses you.
You shoot an arrow. The orc shouts!
The arrow hits the orc but does no damage.
The orc barely misses you.
The gnoll hits you from afar with a +0 spear.
You shoot an arrow. The arrow hits the orc!
You kill the orc!
The bombardier beetle sprays incendiary fluid at you.
The burning spray misses you. The gnoll misses you.
You shoot an arrow. The arrow hits the bombardier beetle.
The bombardier beetle is lightly wounded.
The gnoll closely misses you.
You shoot an arrow.
The arrow hits the orc but does no damage.
The orc barely misses you.
The gnoll hits you from afar with a +0 spear!
You shoot an arrow. The arrow hits the bombardier beetle!
The bombardier beetle is heavily wounded.
The bombardier beetle sprays incendiary fluid at you.
The burning spray misses you. The orc hits you with a +0 mace!
The orc misses you. The gnoll misses you.
You shoot an arrow.
The arrow hits the bombardier beetle but does no damage.
The bombardier beetle is heavily wounded.
A dart slug comes into view.
The orc misses you. The gnoll hits you but does no damage.
You shoot an arrow. The arrow hits the bombardier beetle.
The bombardier beetle is severely wounded.
The bombardier beetle misses you. The orc misses you.
The orc hits you with a +2 flail of protection!
The orc completely misses you.
The gnoll hits you from afar with a +0 spear.
You die...

...#.##[.##.###....
#.
###.................
##.
#....)....##.###.###
....#.#...##[....#
#.#
##............####
#[# .....#...####.#
#.# .........## ..#
#.# ......oo..##.##
#.# ######o@...#.
#.# .....gB).....#
#####.#
.####......#.#
#.....###
#......##.#
#.#####.. #.>..../.
# #.# #.#
........### #.# #.#
.####...## #.# #.#
....# ####.#####.#
#..........#


You could see a bombardier beetle, a gnoll and 3 orcs.

Vanquished Creatures
  Sigmund (D:2)
  A black bear (D:4)
  An ice beast (D:5)
  3 killer bees (D:4)
  3 hounds (D:4)
  A jelly (D:4)
  An orc priest (D:4)
  An iguana (D:4)
  An orc wizard (D:4)
  5 adders
  3 gnolls (D:5)
  2 dart slugs
  A ribbon worm (D:4)
  13 orcs
  4 endoplasms
  A giant cockroach (D:1)
  8 goblins
  7 hobgoblins
  6 ball pythons
  2 bats
  A frilled lizard (D:2)
  6 kobolds
  3 rats (D:2)
75 creatures vanquished.

Notes
Turn   | Place    | Note
-------+----------+-------------------------------------------
     0 | D:1      | qw the Spriggan Hunter began the quest for the Orb.
     0 | D:1      | Reached XP level 1. HP: 10/10 MP: 2/2
     0 | D:1      | 0 ||| qw: Version: 0.3-a-160-g6735b56
     0 | D:1      | 0 ||| qw: Game counter: 4842
     0 | D:1      | 0 ||| qw: Melee chars always use a shield: true
     0 | D:1      | 0 ||| qw: God list: Okawaru
     0 | D:1      | 0 ||| qw: Allow faded altars: false
     0 | D:1      | 0 ||| qw: Do Orc after clearing Dungeon:15 true
     0 | D:1      | 0 ||| qw: Do second Lair branch before Depths: true
     0 | D:1      | 0 ||| qw: Lair rune preference: random
     0 | D:1      | 0 ||| qw: Goals: Normal
     0 | D:1      | 0 ||| PLANNING D:1-11
    49 | D:1      | Reached skill level 3 in Dodging
   353 | D:1      | Reached XP level 2. HP: 14/14 MP: 3/3
   643 | D:1      | 643 ||| DROPPING ring of flight.
   644 | D:1      | 644 ||| DRINKING 2 emerald potions.
   645 | D:1      | 645 ||| DROPPING scroll of butterflies.
   671 | D:2      | Noticed Sigmund
   677 | D:2      | HP: 2/14 [Sigmund/+0 scythe (12)]
   678 | D:2      | 678 ||| DRINKING 2 potions of heal wounds.
   682 | D:2      | Killed Sigmund
   683 | D:2      | Reached skill level 6 in Ranged Weapons
   683 | D:2      | Reached XP level 3. HP: 18/18 MP: 4/4
   683 | D:2      | Reached XP level 4. HP: 22/22 MP: 5/5
   683 | D:2      | Reached XP level 5. HP: 25/25 MP: 6/6
   843 | D:2      | Found a bloodstained altar of Trog.
  1173 | D:2      | 1173 ||| READING scroll labelled RUMUEM GUARRAHY.
  1174 | D:2      | 1174 ||| READING scroll labelled VUR LUDDUOGAVO.
  1175 | D:2      | 1175 ||| READING 2 scrolls labelled CAHOLA ELUEKU.
  1176 | D:2      | 1176 ||| READING scroll labelled NAMECK QOPT.
  1176 | D:2      | 1176 ||| ENCHANTING +0 shortbow.
  1177 | D:2      | 1177 ||| DROPPING scroll of revelation.
  1299 | D:3      | Found a broken altar of Ashenzari.
  1356 | D:3      | Found a burning altar of Makhleb.
  1994 | D:3      | 1994 ||| READING scroll labelled RECLAV EKHOYDAI.
  1995 | D:3      | 1995 ||| READING scroll labelled GOONONUADU.
  1996 | D:3      | 1996 ||| READING scroll labelled KONUOFRYUSHRO.
  1996 | D:3      | 1996 ||| IDENTIFYING black potion
  1997 | D:3      | 1997 ||| READING scroll labelled GAUQ PAOTWOUM.
  1997 | D:3      | 1997 ||| ENCHANTING +0 shortbow.
  1998 | D:3      | 1998 ||| READING scroll labelled TIMY SISHRI.
  2001 | D:3      | 2001 ||| READING scroll labelled LAFU KEAT.
  2002 | D:3      | 2002 ||| DRINKING 2 fuming black potions.
  2003 | D:3      | 2003 ||| DROPPING potion of degeneration.
  2096 | D:4      | HP: 4/25 [hound (5)]
  2097 | D:4      | 2097 ||| DRINKING 2 potions of heal wounds.
  2104 | D:4      | Reached XP level 6. HP: 20/30 MP: 7/7
  2174 | D:4      | Reached skill level 6 in Dodging
  2192 | D:4      | 2192 ||| UPGRADING to ring of positive energy.
  2241 | D:4      | Found Gozag's Platinum Reserve.
  2290 | D:4      | Found an opulent altar of Gozag.
  2310 | D:4      | 2310 ||| SHOPLISTING +1 sling of Impish Tenacity {heavy,
                  | Dex+4} (2310 gold, have 132).
  2310 | D:4      | 2310 ||| SHOPLISTING amulet "Kosevaf" {Reflect rPois rC-
                  | MP+9 Dex-2 SH+5} (4890 gold, have 132).
  2342 | D:4      | Reached XP level 7. HP: 12/35 MP: 8/8
  2343 | D:4      | Reached skill level 7 in Ranged Weapons
  2462 | D:4      | 2462 ||| RETREEEEATING.
  2465 | D:4      | 2465 ||| RETREEEEATING.
  2466 | D:4      | 2466 ||| RETREEEEATING.
  2467 | D:4      | 2467 ||| RETREEEEATING.
  2468 | D:4      | 2468 ||| RETREEEEATING.
  2469 | D:4      | 2469 ||| RETREEEEATING.
  2472 | D:4      | 2472 ||| RETREEEEATING.
  2473 | D:4      | 2473 ||| RETREEEEATING.
  2474 | D:4      | 2474 ||| RETREEEEATING.
  2475 | D:4      | 2475 ||| RETREEEEATING.
  2476 | D:4      | 2476 ||| RETREEEEATING.
  2477 | D:4      | 2477 ||| RETREEEEATING.
  2856 | D:4      | 2856 ||| READING 2 scrolls labelled UHADAH JYFFUR UME.
  2860 | D:4      | 2860 ||| FLEEEEING.
  2861 | D:4      | 2861 ||| FLEEEEING.
  2862 | D:4      | 2862 ||| FLEEEEING.
  2864 | D:4      | 2864 ||| FLEEEEING.
  2865 | D:4      | 2865 ||| FLEEEEING.
  2866 | D:4      | 2866 ||| FLEEEEING.
  2867 | D:4      | 2867 ||| FLEEEEING.
  2868 | D:4      | 2868 ||| FLEEEEING.
  2869 | D:4      | 2869 ||| FLEEEEING.
  2872 | D:4      | 2872 ||| FLEEEEING.
  2873 | D:4      | 2873 ||| FLEEEEING.
  2874 | D:4      | 2874 ||| FLEEEEING.
  2875 | D:4      | 2875 ||| FLEEEEING.
  2876 | D:4      | 2876 ||| FLEEEEING.
  2877 | D:4      | 2877 ||| FLEEEEING.
  2878 | D:4      | 2878 ||| FLEEEEING.
  2879 | D:4      | 2879 ||| FLEEEEING.
  2880 | D:4      | 2880 ||| FLEEEEING.
  2881 | D:4      | 2881 ||| FLEEEEING.
  2882 | D:4      | 2882 ||| FLEEEEING.
  2883 | D:4      | 2883 ||| FLEEEEING.
  2884 | D:4      | 2884 ||| FLEEEEING.
  2885 | D:4      | 2885 ||| FLEEEEING.
  2886 | D:4      | 2886 ||| FLEEEEING.
  2887 | D:4      | 2887 ||| FLEEEEING.
  2888 | D:4      | 2888 ||| FLEEEEING.
  2889 | D:4      | 2889 ||| FLEEEEING.
  2890 | D:4      | 2890 ||| FLEEEEING.
  2894 | D:4      | 2894 ||| FLEEEEING.
  2895 | D:4      | 2895 ||| FLEEEEING.
  2896 | D:4      | 2896 ||| FLEEEEING.
  2897 | D:4      | 2897 ||| FLEEEEING.
  2898 | D:4      | 2898 ||| FLEEEEING.
  2899 | D:4      | 2899 ||| FLEEEEING.
  2900 | D:4      | 2900 ||| FLEEEEING.
  2902 | D:4      | 2902 ||| FLEEEEING.
  2903 | D:4      | 2903 ||| FLEEEEING.
  2904 | D:4      | 2904 ||| FLEEEEING.
  2905 | D:4      | 2905 ||| FLEEEEING.
  2906 | D:4      | 2906 ||| FLEEEEING.
  2907 | D:4      | 2907 ||| FLEEEEING.
  2908 | D:4      | 2908 ||| FLEEEEING.
  2909 | D:4      | 2909 ||| FLEEEEING.
  2910 | D:4      | 2910 ||| FLEEEEING.
  2911 | D:4      | 2911 ||| FLEEEEING.
  2912 | D:4      | 2912 ||| FLEEEEING.
  2913 | D:4      | 2913 ||| FLEEEEING.
  2914 | D:4      | 2914 ||| STAIRDANCE
  2916 | D:3      | 2916 ||| DROPPING scroll of vulnerability.
  3135 | D:5      | Entered Level 5 of the Dungeon
  3312 | D:5      | Reached skill level 8 in Ranged Weapons
  3314 | D:5      | HP: 7/35 [gnoll/+0 spear (8)]
  3315 | D:5      | 3315 ||| DRINKING 2 potions of heal wounds.
  3322 | D:5      | HP: 1/35 [orc/+2 flail of protection (10)]
  3322 | D:5      | Slain by a gnoll

Levels and vault maps discovered:
D:1:      mrwooster_arrival_arrow, layout_loops_ring
D:2:      layout_basic, basic_altar, chequers_serial_rivers_micro_d,
          uniq_sigmund
D:3:      layout_basic, mainiacjoe_overflow_concentric_impassable,
          nicolae_overflow_hidden_temple
D:4:      layout_basic, nicolae_gozag_zags_fifth_avenue, serial_bayou_pond_e,
          minmay_misc_feat_five, minmay_puff
D:5:      layout_loops_ring, mainiacjoe_overflow_24_doors, tgw_trog,
          mainiacjoe_overflow_boulevard, dk_vineyard_2, uniq_blork_the_orc,
          uniq_grinder, uniq_ijyb

Skill      XL: |  1  2  3  4  5  6  7 |
---------------+----------------------+-----
Dodging        | 3 4 5 6 7 |  7.1
Ranged Weapons | 6 8 |  8.0
Fighting       | 2 |  2.0
Stealth        | |  1.5

Action                     |  1- 3 |  4- 6 |  7- 9 || total
---------------------------+-------+-------+-------++-------
   Fire: Shortbow          |    26 |   130 |    77 ||   233
    Use: Potion            |     2 |     2 |     1 ||     5
         Scroll            |       |    10 |     1 ||    11
 Armour: Robe              |     1 |    23 |    23 ||    47
  Dodge: Dodged            |     5 |    52 |    60 ||   117

Table legend:
 A = Non-vault XP
 B = Vault XP
 C = Vault XP percentage of total XP
 D = Non-vault monster count
 E = Vault monster count
 F = Vault count percentage of total count
                 A         B        C        D         E       F
            +---------+---------+-------+---------+---------+-------
      Total |     944 |     234 |  19.9 |      72 |       3 |   4.0
            +---------+---------+-------+---------+---------+-------
        D:1 |      17 |       0 |   0.0 |      10 |       0 |   0.0
        D:2 |      17 |     231 |  93.1 |      11 |       1 |   8.3
        D:3 |      36 |       0 |   0.0 |       7 |       0 |   0.0
        D:4 |     684 |       3 |   0.4 |      33 |       2 |   5.7
        D:5 |     190 |       0 |   0.0 |      11 |       0 |   0.0
            +---------+---------+-------+---------+---------+-------
